Map: Galactic Process LE

Players

Nara

  • Race: Terran Terran
  • League: Bronze

Gracz - Winner!

  • Race: Protoss Protoss
  • League: Silver

VOD

Have the link to the VOD?

Description

Time

  • Played on: Oct. 2, 2016, 7:19 a.m.
  • Length: 5:53
Show
View Real Time Build Order
Export as new Build Order

Nara Terran 

Build Orders:  

Get SALT Encoding   

  12  0:02  SCV  
  13  0:18  Supply Depot  
  13  0:19  SCV  
  14  0:28  Refinery  
  14  0:31  SCV  
  15  0:45  Barracks  
  15  0:49  SCV  
  16  1:01  SCV  
  17  1:09  Barracks  
  17  1:13  SCV  
  18  1:25  SCV  
  19  1:36  Supply Depot  
  19  1:37  SCV  
  20  1:44  Barracks Reactor  
  20  1:49  SCV  
  21  1:54  Refinery  
  21  1:58  Supply Depot  
  21  2:00  Barracks Tech Lab  
  21  2:08  Factory  
  21  2:09  SCV  
  22  2:24  Reaper  
  22  2:26  Marine  
  24  2:42  Orbital Command  
  24  2:48  Marine  
  24  2:50  Marauder  
  27  2:53  Combat Shields  
  27  3:06  Marine  
  28  3:20  Marine  
  28  3:21  Marauder  
  31  3:27  Starport  
  25  3:49  Marine x3  
  24  4:08  Marauder  
  26  4:14  Marine x2  
  25  4:29  Marine  
  25  4:30  SCV  
  25  4:31  Marine  
  25  4:32  Marine  
  23  4:43  SCV  
  22  4:46  Marine  
  22  4:49  Marine  
  24  4:55  SCV  
  24  4:56  Marine  
  25  5:04  Marine  
  24  5:10  Marine  
  22  5:21  Marine  
  22  5:22  Marine  
  22  5:28  Marine  
Show
View Real Time Build Order
Export as new Build Order

Gracz Protoss - Winner!

Build Orders:  

Get SALT Encoding   

  12  0:01  Probe (Chrono Boost)  
  13  0:14  Pylon  
  13  0:19  Probe (Chrono Boost)  
  14  0:36  Pylon  
  14  0:42  Gateway  
  14  0:44  Probe (Chrono Boost)  
  15  0:55  Probe (Chrono Boost)  
  15  0:56  Assimilator  
  16  1:05  Probe (Chrono Boost)  
  17  1:16  Probe (Chrono Boost)  
  18  1:19  Gateway  
  18  1:26  Probe (Chrono Boost)  
  19  1:37  Cybernetics Core  
  19  1:45  Gateway  
  19  1:54  Assimilator  
  19  1:55  Probe (Chrono Boost)  
  19  1:58  Warp Gate  
  20  2:06  Zealot  
  22  2:25  Probe (Chrono Boost)  
  23  2:33  Stalker  
  23  2:35  Pylon, Stalker  
  27  2:53  Stargate  
  27  3:05  Stalker  
  27  3:08  Stalker  
  32  3:20  Probe (Chrono Boost)  
  32  3:32  Probe (Chrono Boost)  
  27  4:43  Stalker x2  
  29  4:47  Void Ray  
  31  5:04  Stalker  
  31  5:19  Pylon, Stalker x2  
Tags
 
Add a new tag
Caveats
  • Supply blocks, unpowered buildings, or Contaminate may cause inaccurate times.
  • Supply counts are checked every 10 seconds.